Elenmirie, lawful female dwarven Valkyrie --------- |.......| ----- |.......| ----- ...| |..._...| |... ---------.%-- ------- |.......| --..--------- |.......|...-- --.%..... | |.......| | --...|aa.a...| |.......|..._---....%%... |. ----.---- .| ....---5...|.a.@.a.| |..._..))...)%%%.%.....%. |.....%.%..%..| ......&....a-a..@...| |.......|...[---$.%%..... ---....%%...--- ......---....|aa....@| |.......|.%.-- --%.%$...- -----[----- .... --...|.......| ---------..-- ----%---- --...%%..- --|- --..--------- ...| |..!--------..%...%.. -----... |... ----- |.....[.%%|....%..... ...[..... ----- -------.%%--...%.....--.%.----- |.%.[--%%.)...--....| ---..$----%----..%-- |%%..[[%%%%.%.%I| ----------------- Elenmirie the Swashbuckler Experience level: 21 Strength: 18/31 Dexterity: 17 Constitution: 20 Intelligence: 13 Wisdom: 14 Charisma: 10 Health: 184(202) Energy: 26(26) Def: 21 Gold: 2 Moves: 29886 Dungeon seed: g2uC8g8VIkTcIwLn Game ID: Elenmirie_1622534608 Your Inventory: Coins $ - 2 gold pieces Amulets y - an uncursed amulet of life saving (being worn) Weapons a - the blessed rustproof +7 Excalibur (weapon in hand) Armor i - an uncursed very burnt +3 pair of leather gloves (being worn) q - an uncursed +0 shield of reflection (being worn) r - an uncursed thoroughly burnt +0 pair of water walking boots (being worn) A - an uncursed +2 gray dragon scale mail (being worn) Q - an uncursed burnt +0 elven cloak (being worn) Y - a cursed very burnt +2 elven leather helm (being worn) Comestibles L - a cursed lizard corpse Spellbooks m - the cursed Book of the Dead Rings B - an uncursed ring of free action (on left hand) D - an uncursed ring of conflict S - an uncursed ring of free action X - an uncursed ring of levitation Wands b - a blessed wand of teleportation (0:4) f - an uncursed wand of death (4:0) j - an uncursed wand of digging (0:4) s - a cursed wand of teleportation (0:4) v - an uncursed wand of cold (0:5) E - an uncursed wand of digging (0:4) H - an uncursed wand of cancellation (0:1) I - a cursed wand of digging (0:1) N - an uncursed wand of death (2:6) V - an uncursed wand of digging (0:1) Tools e - an uncursed skeleton key h - an uncursed oil lamp (0:800) l - the blessed Orb of Fate (0:0) n - an uncursed tooled horn named THE HORN OF YENDOR o - the uncursed Bell of Opening (0:0) u - a blessed +0 unicorn horn w - a blessed bag of holding x - an uncursed towel M - the uncursed Candelabrum of Invocation (no candles attached) (0:0) P - an uncursed thoroughly rusty stethoscope Gems O - a blessed luckstone Contents of the bag of holding: 11143 gold pieces an uncursed amulet of life saving an uncursed amulet of magical breathing the blessed rustproof +0 Grimtooth 2 uncursed +0 daggers an uncursed thoroughly burnt +0 cloak of displacement an uncursed +0 pair of levitation boots an uncursed +3 small shield 4 uncursed K-rations 5 uncursed apples an uncursed eucalyptus leaf 3 uncursed food rations 2 uncursed fortune cookies 12 uncursed lumps of royal jelly an uncursed scroll of amnesia 4 blessed scrolls of blank paper 3 uncursed scrolls of blank paper 2 uncursed scrolls of confuse monster 2 blessed scrolls of create monster 4 uncursed scrolls of create monster a cursed scroll of create monster 2 uncursed scrolls of destroy armor 2 uncursed scrolls of earth an uncursed scroll of enchant armor a blessed scroll of enchant weapon 4 uncursed scrolls of enchant weapon a blessed scroll of remove curse an uncursed scroll of remove curse an uncursed scroll of scare monster 3 blessed scrolls of teleportation 10 uncursed scrolls of teleportation 3 cursed scrolls of teleportation an uncursed potion of confusion 3 uncursed potions of enlightenment an uncursed potion of extra healing an uncursed potion of fruit juice a blessed potion of full healing a cursed potion of full healing 6 potions of holy water an uncursed potion of monster detection 2 uncursed potions of oil an uncursed potion of paralysis an uncursed potion of see invisible an uncursed potion of sickness a blessed potion of speed an uncursed potion of speed 3 potions of unholy water an uncursed +1 ring of adornment an uncursed ring of cold resistance an uncursed ring of free action an uncursed ring of hunger an uncursed +0 ring of increase accuracy an uncursed +1 ring of increase damage an uncursed +0 ring of increase damage an uncursed ring of levitation an uncursed +0 ring of protection an uncursed ring of protection from shape changers an uncursed ring of searching an uncursed ring of see invisible an uncursed ring of shock resistance an uncursed ring of stealth an uncursed ring of sustain ability an uncursed ring of teleport control an uncursed ring of teleport control an uncursed wand of cold (0:6) an uncursed wand of cold (0:4) an uncursed wand of create monster (0:14) an uncursed wand of create monster (0:4) an uncursed wand of digging (0:8) an uncursed wand of digging (0:7) an uncursed wand of digging (0:6) an uncursed wand of digging (0:5) an uncursed wand of digging (0:1) a blessed wand of enlightenment (0:4) an uncursed wand of fire (0:0) an uncursed wand of light (0:14) an uncursed wand of locking (0:3) an uncursed wand of magic missile (0:7) an uncursed wand of magic missile (0:5) an uncursed wand of make invisible (0:4) an uncursed wand of polymorph (0:3) an uncursed wand of probing (0:6) an uncursed wand of probing (0:2) an uncursed wand of secret door detection (0:12) an uncursed wand of sleep (0:7) an uncursed wand of slow monster (0:6) an uncursed wand of slow monster (0:4) an uncursed wand of speed monster (0:5) an uncursed wand of speed monster (0:4) an uncursed wand of speed monster (0:3) an uncursed wand of speed monster (0:2) an uncursed wand of striking (0:2) an uncursed wand of striking (0:0) a blessed wand of teleportation (0:7) an uncursed wand of teleportation (0:4) an uncursed wand of undead turning (0:3) an uncursed magic marker (0:51) an uncursed magic marker (1:5) an uncursed tallow candle (0:200) 19 uncursed tallow candles (0:200) Spells and supernatural/magical abilities: Name Level Category Fail Memory p - protection 1* clerical 94% 0% V - teleportitis -- ability ? -- W - pray for help -- divine ? -- Your skills at the end: Fighting Skills Weapon Skills dagger [Basic] long sword [Basic] Spellcasting Skills Final Attributes: You were piously aligned. You were fire resistant. You were cold resistant. You were sleep resistant. You were disintegration-resistant. You were shock resistant. You were poison resistant. You were level-drain resistant. You were magic-protected. You were telepathic. You were warned. You had automatic searching. You had infravision. You were stealthy. You could teleport. You had teleport control. You could walk on water. You were protected. You had reflection. You had free action. Your life would have been saved. You were very lucky. You had extra luck. Good luck did not time out for you. You survived. Vanquished creatures: Asmodeus Baalzebub Orcus Yeenoghu Juiblex The Wizard of Yendor (13 times) Death (6 times) Pestilence (6 times) Famine (4 times) a high priest 4 mastodons Medusa 15 krakens 4 iron golems a storm giant a glass golem a balrog 5 purple worms 4 silver dragons 4 red dragons 3 white dragons 4 orange dragons 7 black dragons 2 blue dragons 19 minotaurs 5 jabberwocks Lord Surtur 4 baluchitheria 16 Angels a demilich Vlad the Impaler 5 stone golems a master mind flayer 6 Olog-hai 2 Nazgul 4 pit fiends 2 sandestins 6 hell hounds 2 titanotheres 3 trappers a baby white dragon 23 vampire lords 6 shades 5 skeletons 27 aligned priests 2 captains 5 liches 6 clay golems 7 nurses 10 ice devils a nalfeshnee 3 lurkers above a frost giant 4 ettins 2 golden nagas 7 black puddings 33 vampires 30 ghosts 5 lieutenants a cavewoman a ranger 3 queen bees 4 winged gargoyles 3 mind flayers 7 giant mimics 3 zruties 26 fire giants 10 ogre kings an ice troll 14 rock trolls 2 umber hulks 2 flesh golems 4 Elvenkings a doppelganger 12 hezrous 15 bone devils 4 large mimics 3 wumpuses a fire vortex a baby long worm 2 long worms 3 couatls 10 stalkers 3 air elementals 4 fire elementals 2 earth elementals 5 water elementals 2 hill giants 2 giant mummies a black naga 8 xorns 14 giant zombies 9 elf-lords 12 sergeants a water demon a barbed devil 6 vrocks 4 salamanders 9 wargs a winter wolf 5 hell hound pups 8 small mimics 5 glass piercers 6 warhorses 6 steam vortices 10 xans 7 ettin mummies 6 ogre lords 7 quantum mechanics 8 trolls a sasquatch 4 wood golems an erinys 8 mariliths 5 sharks 8 electric eels 2 gelatinous cubes a pyrolisk 3 large dogs 3 freezing spheres 3 flaming spheres 5 shocking spheres 2 tigers 7 gargoyles 2 tengu 5 ochre jellies 10 leocrottas an energy vortex 5 mountain centaurs 3 stone giants 4 elf mummies a human mummy 3 red nagas 4 green slimes 6 pit vipers a python 8 cobras 43 wraiths 9 carnivorous apes 9 ettin zombies a leather golem 15 Grey-elves 35 soldiers 3 horned devils 3 succubi 5 incubi a chameleon a crocodile 31 giant beetles 2 quivering blobs 18 cockatrices 4 wolves 2 lynxes 2 panthers 8 gremlins 8 leprechauns 2 iron piercers 9 giant spiders 2 scorpions a horse an ice vortex a black light 6 vampire bats a forest centaur 2 orc mummies 3 dwarf mummies an ogre a brown pudding 11 rust monsters 3 owlbears 2 yetis 2 gold golems 2 werewolves a Green-elf 7 piranhas 18 giant eels 9 lizards 4 chickatrices 2 dogs 2 dingos 2 housecats 2 jaguars a dwarf lord a gray unicorn a black unicorn 3 dust vortices 2 ravens 3 plains centaurs a gnome mummy 3 snakes 7 apes 13 human zombies 3 rope golems 6 Woodland-elves 31 soldier ants 59 fire ants a bugbear an imp 4 wood nymphs a mountain nymph 8 Mordor orcs 11 Uruk-hai 2 rock piercers a rock mole 5 fog clouds 3 yellow lights 3 shriekers 4 violet fungi 5 gnome lords a gnomish wizard 5 kobold mummies a red naga hatchling a black naga hatchling a guardian naga hatchling 13 elf zombies 8 ghouls a paper golem 4 jellyfish a baby crocodile 32 giant ants 4 little dogs 6 floating eyes 2 kittens 3 dwarves a homunculus 2 kobold lords 15 hill orcs 3 rothes a rabid rat 2 centipedes a giant bat 7 monkeys 22 orc zombies 17 dwarf zombies 2 wererats a werejackal 7 iguanas 70 killer bees 14 acid blobs 7 coyotes 4 gas spores 2 hobbits 7 manes 4 large kobolds 2 hobgoblins 12 giant rats 9 cave spiders 2 yellow molds 4 green molds 3 red molds 6 gnomes 16 garter snakes 8 gnome zombies 5 geckos 15 jackals 2 foxes 3 kobolds 11 sewer rats 21 grid bugs 13 bats 11 lichens 14 kobold zombies 12 newts 1659 creatures vanquished. Genocided species: master mind flayers liches demiliches master liches arch-liches jellyfish piranhas sharks giant eels electric eels krakens 11 species genocided. Voluntary challenges: You had been an atheist until turn 2384. You used a wielded weapon 2864 times, starting on turn 6. You read items or engraved 54 times, starting on turn 3546. You genocided 11 types of monsters, starting on turn 18648. You polymorphed 1 item, starting on turn 26416. You changed form 1 time, starting on turn 27436. You used 6 wishes, starting on turn 14793. You wished for your your first artifact on turn 29314. You split 4 puddings, starting on turn 11073. You never wrote Elbereth's name. You violated your moral code, losing 126 points of alignment, starting on turn 1782. Dungeon overview: The Dungeons of Doom: levels 1 to 28 Level 1 a sink stairs to The Elemental Planes Level 2 Level 3 stairs to The Gnomish Mines Level 4 a delicatessen Level 5 a general store, a fountain Level 6 a fountain Level 7 Level 8 stairs to Sokoban Level 9 an altar to Tyr, a sink Level 10 Level 11 a fountain Level 12 Level 13 a scroll shop portal to The Quest Level 14 Level 15 Level 16 Level 17 Level 18 Level 19 Level 20 a throne Level 21 Level 22 Level 23 Level 24 Level 25 Level 26 Level 27 Level 28 a fountain Gehennom: levels 29 to 49 Level 29 a temple to Moloch stairs to The Dungeons of Doom Level 30 Level 31 Level 32 Level 33 many fountains Level 34 Level 35 Level 36 Level 37 stairs to Vlad's Tower Level 38 Level 39 some shops, an altar to Moloch Level 40 Level 41 Level 42 Level 43 portal to Gehennom Level 44 Level 45 portal to Gehennom Level 46 Level 47 Level 48 Level 49 The Gnomish Mines: levels 4 to 12 Level 4 stairs to The Dungeons of Doom Level 5 Level 6 some shops, a temple to Tyr, some fountains, a sink Level 7 Level 8 Level 9 Level 10 Level 11 Level 12 The Quest: levels 1 to 6 Level 1 a fountain portal to The Dungeons of Doom Level 2 Level 3 Level 4 Level 5 Level 6 Sokoban: levels 4 to 7 Level 4 Level 5 Level 6 Level 7 stairs to The Dungeons of Doom Vlad's Tower: levels 34 to 36 Level 34 Level 35 Level 36 stairs to Gehennom The Elemental Planes: Astral Plane <- You were here some high altars Plane 4 portal to The Elemental Planes Plane 3 portal to The Elemental Planes Plane 2 portal to The Elemental Planes Plane 1 portal to The Elemental Planes History has recorded: On T:1 you entered the Dungeons of Doom to retrieve the Amulet of Yendor! On T:701 you advanced to experience level 2. On T:1004 you reached level 2 of The Dungeons of Doom. On T:1069 you reached level 3 of The Dungeons of Doom. On T:1368 you reached level 4 of The Dungeons of Doom. On T:1612 you reached level 1 of The Gnomish Mines. On T:1677 you advanced to experience level 3. On T:1957 you reached level 2 of The Gnomish Mines. On T:2169 you advanced to experience level 4. On T:2331 you reached level 3 of The Gnomish Mines. On T:2374 you advanced to experience level 5. On T:3318 you reached level 5 of The Dungeons of Doom. On T:3615 you reached level 6 of The Dungeons of Doom. On T:3944 you advanced to experience level 6. On T:4424 you reached level 7 of The Dungeons of Doom. On T:5002 you advanced to experience level 7. On T:5215 you reached level 8 of The Dungeons of Doom. On T:5295 you reached level 9 of The Dungeons of Doom. On T:5360 you reached level 4 of Sokoban. On T:5615 you reached level 3 of Sokoban. On T:6050 you reached level 2 of Sokoban. On T:6385 you reached level 1 of Sokoban. On T:6405 you advanced to experience level 8. On T:8192 you reached level 4 of The Gnomish Mines. On T:8302 you reached level 9 of The Gnomish Mines. On T:8713 you reached level 8 of The Gnomish Mines. On T:8721 you reached level 7 of The Gnomish Mines. On T:9046 you reached level 6 of The Gnomish Mines. On T:9055 you advanced to experience level 9. On T:9079 you reached level 5 of The Gnomish Mines. On T:9693 you reached level 10 of The Dungeons of Doom. On T:9943 you reached level 11 of The Dungeons of Doom. On T:10129 you reached level 12 of The Dungeons of Doom. On T:10317 you reached level 13 of The Dungeons of Doom. On T:10348 you reached level 14 of The Dungeons of Doom. On T:10461 you reached level 1 of The Quest. On T:10753 you reached level 15 of The Dungeons of Doom. On T:10754 you reached level 16 of The Dungeons of Doom. On T:10847 you advanced to experience level 10. On T:11200 you reached level 17 of The Dungeons of Doom. On T:11579 you reached level 18 of The Dungeons of Doom. On T:11733 you advanced to experience level 11. On T:11889 you reached level 19 of The Dungeons of Doom. On T:12173 you reached level 20 of The Dungeons of Doom. On T:12241 you advanced to experience level 12. On T:12443 you reached level 21 of The Dungeons of Doom. On T:12577 you reached level 22 of The Dungeons of Doom. On T:12928 you reached level 23 of The Dungeons of Doom. On T:12960 you reached level 24 of The Dungeons of Doom. On T:13406 you reached level 25 of The Dungeons of Doom. On T:13813 you reached level 26 of The Dungeons of Doom. On T:13824 you reached level 27 of The Dungeons of Doom. On T:13826 you reached The Castle. On T:14793 you wished for "3 blessed scrolls of charging". On T:14795 you wished for "blessed fixed +3 gray dragon scale mail". On T:14976 you reached The Valley of the Dead. On T:15322 you advanced to experience level 13. On T:15660 you advanced to experience level 14. On T:16100 you reached level 2 of Gehennom. On T:16211 you embarked upon an epic quest. On T:16243 you reached level 2 of The Quest. On T:16380 you reached level 3 of The Quest. On T:16496 you reached level 4 of The Quest. On T:16521 you reached level 5 of The Quest. On T:16643 you reached level 6 of The Quest. On T:16750 you killed Lord Surtur on level 6 of The Quest. On T:16798 you completed the quest! On T:17392 you reached level 9 of Gehennom. On T:17431 you reached level 3 of Vlad's Tower. On T:17525 you reached level 2 of Vlad's Tower. On T:17594 you reached level 1 of Vlad's Tower. On T:17690 you killed Vlad the Impaler on level 1 of Vlad's Tower. On T:17746 you advanced to experience level 15. On T:17855 you reached level 10 of Gehennom. On T:17945 you reached level 11 of Gehennom. On T:17955 you reached level 12 of Gehennom. On T:18106 you killed Orcus on level 12 of Gehennom. On T:18202 you wished for "blessed fixed ring of free action". On T:18578 you killed Yeenoghu on level 11 of Gehennom. On T:18616 you advanced to experience level 16. On T:18638 you wished for "uncursed magic marker". On T:18639 you wished for "uncursed magic marker". On T:18677 you reached level 13 of Gehennom. On T:18699 you reached level 20 of Gehennom. On T:18878 you reached level 19 of Gehennom. On T:19031 you reached level 18 of Gehennom. On T:19106 you reached level 17 of Gehennom. On T:19252 you reached level 15 of Gehennom. On T:19428 you killed Wizard of Yendor on level 13 of Gehennom. On T:19456 you performed the invocation. On T:19458 you reached level 21 of Gehennom. On T:19503 you killed high priest of Moloch on level 21 of Gehennom. On T:19506 you gained the Amulet of Yendor! On T:19513 you lost the Amulet of Yendor. On T:19513 you gained the Amulet of Yendor! On T:19764 you lost the Amulet of Yendor. On T:19765 you killed Wizard of Yendor on level 19 of Gehennom. On T:19767 you gained the Amulet of Yendor! On T:20287 you reached level 16 of Gehennom. On T:21067 you reached level 14 of Gehennom. On T:21397 you advanced to experience level 17. On T:21807 you killed Wizard of Yendor on level 18 of Gehennom. On T:22537 you killed Wizard of Yendor on level 11 of Gehennom. On T:22728 you killed Wizard of Yendor on level 12 of Gehennom. On T:23561 you killed Wizard of Yendor on level 12 of Gehennom. On T:23953 you killed Baalzebub on level 10 of Gehennom. On T:24225 you reached level 8 of Gehennom. On T:24519 you killed Wizard of Yendor on level 8 of Gehennom. On T:24776 you reached level 7 of Gehennom. On T:25139 you killed Wizard of Yendor on level 7 of Gehennom. On T:25176 you reached level 6 of Gehennom. On T:25386 you reached level 5 of Gehennom. On T:25390 you killed Juiblex on level 5 of Gehennom. On T:25514 you reached level 4 of Gehennom. On T:25662 you killed Wizard of Yendor on level 4 of Gehennom. On T:25822 you reached level 3 of Gehennom. On T:25933 you killed Asmodeus on level 3 of Gehennom. On T:26226 you advanced to experience level 18. On T:27208 you killed Medusa on level 26 of The Dungeons of Doom. On T:27994 you killed Wizard of Yendor on level 25 of The Dungeons of Doom. On T:28408 you lost the Amulet of Yendor. On T:28411 you killed Wizard of Yendor on level 18 of The Dungeons of Doom. On T:28414 you gained the Amulet of Yendor! On T:28556 you killed Wizard of Yendor on level 18 of The Dungeons of Doom. On T:29314 you wished for "blessed fixed Grimtooth". On T:29366 you advanced to experience level 19. On T:29367 you reached the Plane of Earth. On T:29368 you killed Wizard of Yendor on the Plane of Earth. On T:29420 you reached the Plane of Air. On T:29521 you reached the Plane of Fire. On T:29604 you reached the Plane of Water. On T:29648 you reached the Astral Plane. On T:29654 you killed Pestilence on the Astral Plane. On T:29685 you killed Pestilence on the Astral Plane. On T:29690 you advanced to experience level 20. On T:29691 you advanced to experience level 21. On T:29714 you killed Death on the Astral Plane. On T:29744 you killed Pestilence on the Astral Plane. On T:29762 you killed Famine on the Astral Plane. On T:29765 you killed Pestilence on the Astral Plane. On T:29778 you killed Famine on the Astral Plane. On T:29802 you killed Famine on the Astral Plane. On T:29826 you killed Famine on the Astral Plane. On T:29828 you killed Pestilence on the Astral Plane. On T:29837 you killed Death on the Astral Plane. On T:29886 you lost the Amulet of Yendor. On T:29886 you offered the Amulet of Yendor to Tyr and ascended to the status of Demigoddess! Score breakdown: Gold: 11145 (13766 points) Experience: 21 levels (24913 points) Exploration: 49 levels (100.00%) (30000 points) Discoveries: 47 items ( 19.11%) (13113 points) Valuables value: 450 ( 9028 points) Artifact value: 27500 (15101 points) Variety of kills: 263 monsters ( 69.03%) (24925 points) Turncount: 29886 turns (-3995 points) Survival: ascended (score multiplied by 200%) Total score: 253702 Latest messages: You take off your ring called conflict. Pestilence zaps a wand of magic missile! The high priest of Tyr gives you two bits for an ale. Pestilence zaps a wand of magic missile! The priest of Loki casts a spell! The priest of Loki summons insects! The giant beetle turns to flee! The giant ant turns to flee! The giant beetle turns to flee! (2x) The killer bee turns to flee! (2x) The giant ant turns to flee! The soldier ant turns to flee! The giant beetle turns to flee! You offer the Amulet of Yendor to Tyr... An invisible choir sings, and you are bathed in radiance... The voice of Tyr booms: "Congratulations, mortal!" "In return for thy service, I grant thee the gift of Immortality!" You ascend to the status of Demigoddess... Final status: Farvel Elenmirie the Demigoddess, ascended... You went to your reward with 253702 points, Excalibur (worth 4000 zorkmids) The Orb of Fate (worth 3500 zorkmids) The Book of the Dead (worth 10000 zorkmids) The Bell of Opening (worth 5000 zorkmids) Grimtooth (worth 300 zorkmids) The Candelabrum of Invocation (worth 5000 zorkmids) 2 amulets of life saving (worth 300 zorkmids), 1 amulet of magical breathing (worth 150 zorkmids), and 11145 pieces of gold, after 29886 moves. You were level 21 with a maximum of 202 hit points when you ascended.